 Dungeon Crawl Stone Soup version 0.19.1 (console) character file.

140856 Kloppie the Phalangite (level 17, 0/149 HPs)
             Began as a Merfolk Berserker on Nov 25, 2016.
             Was a High Priest of Trog.
             Hit by a javelin thrown by a merfolk javelineer (10 damage)
             ... on level 3 of the Shoals.
             The game lasted 00:55:46 (32448 turns).

Kloppie the Phalangite (Merfolk Berserker)         Turns: 32448, Time: 00:55:46

Health: 0/149      AC: 17    Str: 19    XL:     17   Next: 31%
Magic:  17/17      EV: 29    Int:  7    God:    Trog [*****.]
Gold:   1803       SH:  0    Dex: 20    Spells: 0 memorised, 16 levels left

rFire  + . .     SeeInvis +     b - +0 glaive (freeze)
rCold  . . .     Gourm    .     W - +4 troll leather armour
rNeg   . . .     Faith    .     (shield currently unavailable)
rPois  .         Spirit   .     O - +2 hat {SInv}
rElec  .         Reflect  .     s - +1 cloak {+Inv}
rCorr  .         Harm     .     Y - +2 pair of gloves
MR     ++++.                    H - +0 pair of boots
Stlth  ++........               (no amulet)
                                f - ring of protection from magic
                                m - ring of protection from fire

@: lethally poisoned (0 -> 0), about to teleport, regenerating
A: change form in water, swift swim, stealthy swim, strong 1
a: Berserk, Trog's Hand, Brothers in Arms, Burn Spellbooks, Renounce Religion,
Evoke Invisibility


You were on level 3 of the Shoals.
You worshipped Trog.
Trog was extremely pleased with you.
You were not hungry.

You visited 4 branches of the dungeon, and saw 27 of its levels.
You also visited: Ice Cave.

You collected 3340 gold pieces.
You spent 1537 gold pieces at shops.

Inventory:

Hand Weapons
 a - a +2 demon trident of flaming
 b - a +0 glaive of freezing (weapon)
 g - a +4 antimagic halberd
 o - a +0 demon trident of freezing
 K - the +11 bardiche of Xymo {chop, *Corrode +Rage SInv}
   (Trog gifted it to you on level 3 of the Lair of Beasts)

   It inflicts extra damage upon your enemies.
   It lets you see invisible.
   It lets you go berserk.
   It may corrode you when you take damage.
Armour
 s - a +1 cloak of invisibility (worn)
 C - a +0 buckler
 H - a +0 pair of boots (worn)
 O - a +2 hat of see invisible (worn)
 Q - a +3 scale mail of cold resistance
 W - a +4 troll leather armour (worn)
 Y - a +2 pair of gloves (worn)
Jewellery
 f - a ring of protection from magic (right hand)
 m - a ring of protection from fire (left hand)
 p - an uncursed ring of stealth
 u - an uncursed ring of flight
Wands
 i - a wand of iceblast (12/15)
 n - a wand of confusion (16/48)
 t - a wand of digging (7/24)
 G - a wand of disintegration (17/24)
 X - a wand of hasting (8/9)
Scrolls
 j - 8 scrolls of teleportation
 l - 3 scrolls of blinking
 r - 12 scrolls of remove curse
 A - a scroll of enchant weapon
 L - 3 scrolls of fog
 N - 2 scrolls of identify
 S - 2 scrolls of recharging
Potions
 d - 16 potions of curing
 e - 3 potions of resistance
 k - 5 potions of haste
 q - 3 potions of heal wounds
 v - 4 potions of cure mutation
 w - 2 potions of magic
 D - 5 potions of flight
 P - a potion of might
 R - a potion of invisibility
Comestibles
 c - 12 bread rations
 E - 10 slices of pizza
 J - 5 beef jerkies
 M - 15 fruits


   Skills:
 - Level 17.9 Fighting
 + Level 23.3 Polearms
 - Level 4.9 Armour
 - Level 20.4 Dodging


You had 16 spell levels left.
You didn't know any spells.

Dungeon Overview and Level Annotations

Branches:
Dungeon (15/15)            Temple (0/1) D:6            Lair (6/6) D:11
 Shoals (4/4) Lair:2       Spider (0/4) Lair:2        Slime (0/5) Lair:5
    Orc (2/2) D:10            Elf (0/3) Orc:2        Vaults (0/5) D:14
 Depths (0/5) D:15

Altars:
Ashenzari
Kikubaaqudgha
Yredelemnul
Zin
Beogh

Shops:
D:9 [   Orc:2 ?!*[}   Shoals:1 [(!(

Portals:
Pandemonium: Orc:2

Annotations:
Lair:4 exclusion: 3 oklob plants
Lair:6 exclusion: oklob plant


Innate Abilities, Weirdness & Mutations

You revert to your normal form in water.
You are very nimble and swift while swimming.
You are very stealthy in the water. (Stealth+)
Your muscles are strong. (Str +2)


Message History

Your ogre goes berserk!
You feel somewhat more hungry.
You feel sick.
The merfolk javelineer completely misses you.
The merfolk throws a tomahawk of dispersal.
The tomahawk of dispersal hits you!
* * * LOW HITPOINT WARNING * * *
You blink.
The merfolk throws a tomahawk.
The tomahawk barely misses you.
The merfolk throws a tomahawk.
The tomahawk completely misses you.
As you read the scroll of teleportation, it crumbles to dust.
You feel strangely unstable.
The merfolk javelineer throws a javelin.
The javelin hits you but does no damage.
The merfolk throws a tomahawk.
The tomahawk barely misses you.
The merfolk throws a tomahawk.
The tomahawk completely misses you.
The merfolk throws a tomahawk.
The tomahawk hits you.
* * * LOW HITPOINT WARNING * * *
You feel sick.
The merfolk javelineer throws a javelin.
The javelin hits you!
You die...

≈≈≈≈≈≈≈≈≈≈≈≈≈≈≈...≈≈≈≈≈≈≈≈≈≈≈≈≈≈≈
≈≈≈≈≈≈≈≈≈≈......##.≈≈≈≈≈≈≈≈≈≈≈≈≈≈
≈≈≈≈≈≈≈≈≈≈.....##...≈≈≈≈≈≈≈≈≈≈≈≈≈
≈≈≈≈≈≈≈≈≈)..........≈≈≈≈≈≈≈≈≈≈≈≈≈
≈≈≈≈≈≈≈≈≈...........≈≈≈≈≈≈≈≈≈≈≈≈≈
≈≈≈≈≈≈≈≈.............≈≈≈≈≈≈≈≈≈≈≈≈
≈≈≈≈≈≈≈..#..##...#....≈≈≈≈≈≈≈≈≈≈≈
≈≈≈≈≈≈≈.....<..(....m≈≈≈≈≈≈≈≈≈≈≈≈
≈≈≈≈≈≈≈.......≈≈@(.≈m≈m≈≈≈≈≈≈≈≈≈≈
≈≈≈≈≈≈≈......≈......≈≈≈≈(≈≈≈≈≈≈≈≈
≈≈≈≈≈≈≈....≈.(......≈≈m≈≈≈≈≈≈≈≈PP
≈≈≈≈≈≈≈........†(O.m.≈≈≈≈≈≈≈≈≈≈≈≈
..≈≈≈≈≈≈......((.(...≈≈≈≈≈≈≈≈(≈≈P
...≈≈≈≈≈≈≈≈.....##....≈≈≈(≈≈(P≈≈P
≈≈≈≈≈≈≈≈≈≈≈≈.>.###..>.≈≈≈(≈≈≈≈≈≈≈
≈≈≈≈≈≈≈≈[≈≈....###.....≈≈≈≈≈≈≈≈≈P
≈≈..≈≈≈≈≈≈≈≈..((..(....≈≈≈≈≈≈≈P≈≈


You could see a merfolk javelineer, 4 merfolk and a friendly ogre (berserk).

Vanquished Creatures
  Gastronok (Lair:3)
  Agnes (D:15)
  The ghost of Mandevil the Impaler, a journeyman DrBe of Trog (D:15)
  The ghost of Tyryt0 the Cleaver, a journeyman FoFi of Qazlal (Lair:6)
  The ghost of Apert the Severer, a journeyman MiBe of Trog (Lair:4)
  A reaper (IceCv)
  Azrael (D:14)
  A dire elephant (Lair:6)
  A fire dragon (Shoals:1)
  2 merfolk javelineers
  A merfolk impaler (Shoals:2)
  An ice dragon (Shoals:1)
  Erolcha (Orc:2)
  6 hydras
  Harold (Lair:2)
  An anaconda (shapeshifter) (D:15)
  Erica (D:8)
  3 merfolk avatars
  The ghost of tscho the Markskobold, a journeyman KoHu of Okawaru (Lair:1)
  3 centaur warriors
  2 dancing weapons (D:14)
  5 merfolk aquamancers
  A tengu warrior (D:13)
  3 satyrs
  The ghost of dricus the Blocker, a novice FoFi of Okawaru (D:9)
  4 orc high priests (Orc:2)
  Nergalle (Lair:4)
  The ghost of Kloppie the Basher, a novice GrBe of Trog (D:10)
  2 sixfirhies (Orc:2)
  11 sea snakes
  A soul eater (Orc:2)
  A glowing orange brain (D:15)
  A torturous demonspawn (Orc:2)
  An infernal demonspawn (Orc:2)
  2 unseen horrors
  5 hill giants
  7 orc knights
  3 ugly things (D:15)
  7 harpies (Shoals:1)
  3 cyclopes
  A wolf spider (shapeshifter) (D:13)
  A deep elf mage (D:13)
  12 fauns
  9 orc sorcerers
  Maurice (D:10)
  4 manticores
  4 centaur zombies
  2 black mambas
  7 sirens
  14 elephants
  5 water nymphs
  A rust devil (Orc:2)
  A torpor snail (Lair:4)
  Psyche (D:9)
  An orange demon (Orc:2)
  3 centaur skeletons
  2 gargoyles
  2 ice statues (IceCv)
  A smoke demon (Orc:2)
  3 rime drakes
  17 spiny frogs
  An efreet (D:15)
  9 ice devils (IceCv)
  11 komodo dragons
  A harpy zombie (D:14)
  11 merfolk
  6 trolls
  2 jumping spiders (Lair:2)
  6 wind drakes
  7 polar bears
  A tyrant leech (shapeshifter) (D:15)
  4 slime creatures
  Grinder (D:5)
  3 dream sheep (Shoals:3)
  2 hornets (Lair:6)
  13 blink frogs
  11 hippogriffs
  3 snapping turtles (Shoals:2)
  48 yaks
  5 redbacks (Lair:2)
  15 water elementals
  Sigmund (D:5)
  3 wraiths
  3 fire elementals (D:14)
  6 wyverns
  A human (D:7)
  4 basilisks
  4 hogs (D:7)
  Grum (D:9)
  4 vampire mosquitoes (D:12)
  Edmund (D:5)
  6 wargs
  20 water moccasins
  A soldier ant (D:11)
  11 porcupines
  2 floating eyes (shapeshifter) (D:15)
  2 hell hounds (D:14)
  4 ice beasts
  41 orc warriors
  3 sky beasts
  9 black bears
  6 ogres
  2 eyes of draining (D:13)
  2 phantoms
  14 wolves
  23 centaurs
  23 crocodiles
  The ghost of Vesto the Firebug, an amateur OpFE (D:5)
  2 big kobolds (D:9)
  15 bullfrogs
  A gnoll sergeant (D:10)
  3 wyvern skeletons
  6 scorpions
  7 electric eels
  17 wights
  The ghost of Mercurio the Grasshopper, a weakling HEWr (D:4)
  4 howler monkeys
  7 crimson imps
  A bullfrog zombie (D:11)
  2 quasits
  6 hounds
  5 jellies
  33 orc priests
  A bullfrog skeleton (D:8)
  Crazy Yiuf (D:3)
  Ijyb (D:3)
  Jessica (D:2)
  6 iguanas
  14 orc wizards
  21 worker ants
  A hell rat (Lair:5)
  A hound skeleton (D:5)
  A worker ant zombie (D:7)
  6 adders
  12 gnolls
  3 shadow imps
  10 white imps (IceCv)
  8 ufetubi (IceCv)
  An ooze (D:3)
  2 adder skeletons (D:5)
  An adder zombie (D:10)
  2 worms
  A dart slug (D:1)
  5 leopard geckos
  100 orcs
  4 bats
  6 giant cockroaches
  9 goblins
  6 hobgoblins
  17 jackals
  6 quokkas
  10 ball pythons
  4 frilled lizards
  18 kobolds
  A leopard gecko skeleton (D:4)
  6 rats
  A bush (Shoals:1)
939 creatures vanquished.

Vanquished Creatures (collateral kills)
  A merfolk javelineer (Shoals:4)
1 creature vanquished.

Vanquished Creatures (others)
  2 ufetubi (IceCv)
  A bush (Shoals:1)
  13 fungi
  20 plants
  4 tentacles (Shoals:4)
  4 toadstools (D:1)
44 creatures vanquished.

Grand Total: 984 creatures vanquished

Notes
Turn   | Place    | Note
-------+----------+-------------------------------------------
     0 | D:1      | Kloppie the Merfolk Berserker began the quest for the Orb.
     0 | D:1      | Reached XP level 1. HP: 18/18 MP: 1/1
   116 | D:1      | Reached XP level 2. HP: 14/24 MP: 2/2
   147 | D:1      | Reached skill level 5 in Polearms
   396 | D:2      | Noticed Jessica
   412 | D:2      | Killed Jessica
   412 | D:2      | Reached skill level 6 in Polearms
   412 | D:2      | Reached XP level 3. HP: 27/30 MP: 3/3
   831 | D:2      | Reached XP level 4. HP: 35/37 MP: 4/4
   848 | D:2      | Reached ** piety under Trog
  1202 | D:3      | Reached skill level 7 in Polearms
  1365 | D:2      | Reached XP level 5. HP: 27/42 MP: 5/5
  1502 | D:3      | Noticed a centaur
  1536 | D:3      | Killed a centaur
  1536 | D:3      | Reached skill level 8 in Polearms
  1544 | D:3      | Noticed Ijyb
  1559 | D:3      | Killed Ijyb
  1559 | D:3      | Reached XP level 6. HP: 27/49 MP: 6/6
  1950 | D:3      | Reached *** piety under Trog
  2032 | D:3      | Found a runed door.
  2265 | D:3      | Reached skill level 5 in Fighting
  2275 | D:3      | Reached skill level 9 in Polearms
  2522 | D:3      | Noticed Crazy Yiuf
  2527 | D:3      | Killed Crazy Yiuf
  2855 | D:4      | Reached XP level 7. HP: 11/56 MP: 7/7
  3084 | D:4      | Reached skill level 10 in Polearms
  3539 | D:4      | Noticed Mercurio's ghost (weakling HEWr)
  3558 | D:4      | Killed Mercurio's ghost
  3926 | D:5      | Entered Level 5 of the Dungeon
  3969 | D:5      | Noticed Grinder
  3970 | D:5      | Paralysed by Grinder for 3 turns
  3976 | D:5      | Killed Grinder
  3976 | D:5      | Reached skill level 11 in Polearms
  3976 | D:5      | Reached XP level 8. HP: 63/63 MP: 8/8
  4237 | D:5      | Noticed Sigmund
  4250 | D:5      | Killed Sigmund
  4250 | D:5      | Reached skill level 5 in Dodging
  4369 | D:5      | Noticed Edmund
  4376 | D:5      | Reached skill level 12 in Polearms
  4397 | D:5      | Noticed Vesto's ghost (amateur OpFE)
  4398 | D:5      | Killed Edmund
  4586 | D:5      | Killed Vesto's ghost
  4769 | D:5      | Reached skill level 13 in Polearms
  4831 | D:5      | Reached **** piety under Trog
  5017 | D:6      | Reached XP level 9. HP: 64/68 MP: 9/9
  5027 | D:6      | Found a staircase to the Ecumenical Temple.
  5522 | D:6      | Reached skill level 14 in Polearms
  5972 | D:7      | Reached skill level 15 in Polearms
  6168 | D:7      | Reached XP level 10. HP: 52/74 MP: 10/10
  6233 | D:7      | Reached skill level 16 in Polearms
  6825 | D:8      | Reached skill level 10 in Dodging
  6949 | D:8      | Noticed Erica
  6976 | D:8      | Killed Erica
  7380 | D:9      | Noticed Grum
  7399 | D:9      | Killed Grum
  7421 | D:9      | Noticed dricus's ghost (novice FoFi)
  7446 | D:9      | Killed dricus's ghost
  7642 | D:9      | Found Hiuvud's Antique Armour Emporium.
  7649 | D:9      | Bought a pair of runed gloves for 367 gold pieces
  7679 | D:9      | Reached XP level 11. HP: 72/87 MP: 11/11
  7798 | D:9      | Reached ***** piety under Trog
  7852 | D:9      | Noticed Psyche
  7862 | D:9      | Killed Psyche
  8217 | D:9      | Found a glowing silver altar of Zin.
  8219 | D:9      | Found an ancient bone altar of Kikubaaqudgha.
  8231 | D:9      | Found a shattered altar of Ashenzari.
  8584 | D:10     | Entered Level 10 of the Dungeon
  8589 | D:10     | Noticed Kloppie's ghost (novice GrBe)
  8608 | D:10     | Killed Kloppie's ghost
  8846 | D:10     | Found a staircase to the Orcish Mines.
  8857 | D:10     | Noticed a hill giant
  8873 | D:10     | Killed a hill giant
  8894 | D:10     | Noticed Maurice
  9031 | D:10     | Killed Maurice
  9031 | D:10     | Reached skill level 10 in Fighting
  9722 | D:11     | Noticed an unseen horror
  9731 | D:11     | Killed an unseen horror
  9775 | D:11     | Found a staircase to the Lair.
  9992 | D:11     | Reached XP level 12. HP: 70/100 MP: 12/12
 10682 | Lair:1   | Entered Level 1 of the Lair of Beasts
 10724 | Lair:1   | Found an ancient bone altar of Kikubaaqudgha.
 10803 | Lair:1   | Noticed tscho's ghost (journeyman KoHu)
 10859 | Lair:1   | Killed tscho's ghost
 11107 | Lair:1   | Received a gift from Trog
 11223 | Lair:1   | Reached skill level 15 in Dodging
 12237 | Lair:2   | Found a staircase to the Shoals.
 12550 | Lair:2   | Noticed Harold
 12565 | Lair:2   | Killed Harold
 12565 | Lair:2   | Reached XP level 13. HP: 111/111 MP: 13/13
 12644 | Lair:2   | Found a hole to the Spider Nest.
 14009 | Lair:3   | Received a gift from Trog
 14010 | Lair:3   | Got a slimy bardiche {god gift}
 14219 | Lair:3   | Noticed Gastronok
 14237 | Lair:3   | Killed Gastronok
 14237 | Lair:3   | Reached skill level 17 in Polearms
 15359 | Lair:4   | Noticed Apert's ghost (journeyman MiBe)
 15371 | Lair:4   | Killed Apert's ghost
 15371 | Lair:4   | Reached skill level 18 in Polearms
 15544 | Lair:4   | Noticed Nergalle
 15553 | Lair:4   | Killed Nergalle
 16456 | Orc:1    | Entered Level 1 of the Orcish Mines
 16459 | Orc:1    | Reached skill level 19 in Polearms
 16629 | Orc:1    | Reached XP level 14. HP: 120/120 MP: 14/14
 16848 | D:9      | Bought a glowing scale mail for 350 gold pieces
 17075 | D:12     | Received a gift from Trog
 17292 | D:12     | Found a frozen archway.
 17300 | IceCv    | Entered an ice cave
 17908 | IceCv    | Reached skill level 20 in Polearms
 18499 | IceCv    | Noticed a reaper
 18514 | IceCv    | Killed a reaper
 20149 | D:14     | Identified the +11 bardiche of Xymo {chop, *Corrode +Rage SInv} (Trog gifted it to you on level 3 of the Lair of Beasts)
 20177 | D:14     | Found a gate to the Vaults.
 20453 | D:14     | Noticed Azrael
 20472 | D:14     | Killed Azrael
 20637 | D:14     | Found an ancient bone altar of Kikubaaqudgha.
 20687 | D:14     | Received a gift from Trog
 20714 | D:14     | Found a roughly hewn altar of Beogh.
 21131 | D:15     | Entered Level 15 of the Dungeon
 21451 | D:15     | Noticed Mandevil's ghost (journeyman DrBe)
 22214 | Lair:5   | Reached skill level 15 in Fighting
 22309 | Lair:5   | Reached XP level 15. HP: 103/129 MP: 15/15
 22553 | Lair:5   | Found a staircase to the Slime Pits.
 22725 | Lair:6   | Entered Level 6 of the Lair of Beasts
 23080 | Lair:6   | Received a gift from Trog
 23133 | Lair:6   | Found a basalt altar of Yredelemnul.
 23306 | Lair:6   | Noticed Tyryt0's ghost (journeyman FoFi)
 23343 | Lair:6   | Killed Tyryt0's ghost
 24473 | Lair:6   | Received a gift from Trog
 25235 | Orc:2    | Entered Level 2 of the Orcish Mines
 25312 | Orc:2    | Noticed Erolcha
 25321 | Orc:2    | Killed Erolcha
 25560 | Orc:2    | Found Hogip's General Store.
 25566 | Orc:2    | Found Nusyllel's Distillery.
 25850 | Orc:2    | Found a staircase to the Elven Halls.
 25917 | Orc:2    | Found a roughly hewn altar of Beogh.
 26252 | Orc:2    | Paralysed by an orc sorcerer for 4 turns
 26360 | Orc:2    | Found Estim's Magic Scroll Shop.
 26582 | Orc:2    | Received a gift from Trog
 26674 | Orc:2    | Reached XP level 16. HP: 141/141 MP: 16/16
 26928 | Orc:2    | Found Mazapred's Antique Armour Boutique.
 26928 | Orc:2    | Found a one-way gate leading to the halls of Pandemonium.
 26928 | Orc:2    | Found Wol Geg's Gadget Shop.
 26934 | Orc:2    | Bought a transparent cloak for 190 gold pieces
 26934 | Orc:2    | Bought a pair of glowing gloves for 210 gold pieces
 26938 | Orc:2    | Bought a runed helmet for 210 gold pieces
 26938 | Orc:2    | Bought a runed cloak for 210 gold pieces
 26948 | Orc:2    | Identified the cursed +0 cloak "Qohogir" {*Slow rElec Dex+5} (You bought it in a shop on level 2 of the Orcish Mines)
 27705 | D:15     | Noticed Agnes
 27714 | D:15     | Killed Agnes
 27959 | D:15     | Killed Mandevil's ghost
 28307 | D:15     | Found a staircase to the Depths.
 28756 | Shoals:1 | Entered Level 1 of the Shoals
 28766 | Shoals:1 | Received a gift from Trog
 28793 | Shoals:1 | Found Puqez's Antique Weapon Emporium.
 28882 | Shoals:1 | Found Zetaghua's Antique Weapon Shoppe.
 29171 | Shoals:1 | Found Haejuwun's Distillery.
 29450 | Shoals:1 | Found Sydd's Antique Armour Boutique.
 29657 | Shoals:1 | Reached skill level 21 in Polearms
 29705 | Shoals:1 | Got a translucent animal skin
 29706 | Shoals:1 | Identified the cursed +1 animal skin "Irruvvas" {rF- Str+7} (You found it on level 1 of the Shoals)
 30256 | Shoals:2 | Reached ****** piety under Trog
 30984 | Shoals:3 | Reached skill level 22 in Polearms
 31019 | Shoals:3 | Received a gift from Trog
 31038 | Shoals:3 | Reached XP level 17. HP: 66/149 MP: 17/17
 31359 | Shoals:3 | Gained mutation: Your muscles are strong. (Str +2) [potion of beneficial mutation]
 31867 | Shoals:3 | Reached skill level 23 in Polearms
 32105 | Shoals:4 | Entered Level 4 of the Shoals
 32448 | Shoals:3 | Hit by a javelin thrown by a merfolk javelineer

Skill      XL: |  1  2  3  4  5  6  7  8  9 10 11 12 13 14 15 16 17 |
---------------+----------------------------------------------------+-----
Polearms       | 6 7 8 9 11 13 15 16 19 20 22 23 | 23.3
Fighting       | 4 5 8 11 13 14 15 17 | 17.9
Dodging        | 4 6 9 11 14 16 17 19 20 | 20.4
Armour         | 4 |  4.9

Action                   |  1- 3 |  4- 6 |  7- 9 | 10-12 | 13-15 | 16-18 || total
-------------------------+-------+-------+-------+-------+-------+-------++-------
Melee: Spear             |   121 |   254 |   146 |       |       |       ||   521
       Trident           |       |       |   261 |   270 |    28 |       ||   559
       Unarmed           |       |       |    23 |       |       |       ||    23
       Glaive            |       |       |       |   614 |  1628 |   830 ||  3072
       Demon trident     |       |       |       |       |   152 |       ||   152
       Tailslap          |       |       |       |       |    12 |    16 ||    28
Invok: Berserk           |       |     7 |     6 |    12 |    16 |     5 ||    46
       Trog's Hand       |       |       |     1 |     6 |     8 |     6 ||    21
       Brothers in Arms  |       |       |       |       |       |     2 ||     2
  Use: Scroll            |       |       |    13 |     8 |     8 |    18 ||    47
       Potion            |       |       |       |     1 |     8 |     1 ||    10
 Stab: Sleeping          |     1 |     1 |       |     3 |     7 |     1 ||    13
       Distracted        |       |     1 |       |     1 |     2 |     2 ||     6
  Eat: Chunk             |       |    11 |    16 |    34 |    42 |    20 ||   123
       Royal jelly       |       |       |     1 |       |     1 |       ||     2
       Meat ration       |       |       |       |       |     4 |     1 ||     5
       Fruit             |       |       |       |       |     1 |       ||     1
       Bread ration      |       |       |       |       |       |     1 ||     1
Armor: Animal skin       |     1 |       |       |       |       |       ||     1
       Leather armour    |     9 |    18 |    61 |   124 |    54 |       ||   266
       Ring mail         |    32 |    20 |       |       |       |       ||    52
       Scale mail        |       |       |       |       |   296 |       ||   296
       Troll leather arm |       |       |       |       |     7 |    84 ||    91
Dodge: Dodged            |    68 |    84 |   178 |   689 |  1489 |   697 ||  3205
